 Dungeon Sprint DCSS version bcrawl-1.17.3 (webtiles) character file.

Game seed: 941747281036875116

443 esc the Vexing (level 6, -8/57 HPs)
             Began as a Demigod Enchanter on Oct 25, 2019.
             Mangled by a slime creature (13 damage)
             ... in the Dungeon (Sprint I: "Red Sonja").
             The game lasted 00:04:08 (507 turns).

esc the Vexing (Demigod Enchanter)                   Turns: 507, Time: 00:04:08

Health: -8/57      AC:  2    Str: 12    XL:     6   Next: 71%
Magic:  0/18       EV: 16    Int: 23    God:    Demigod [*.....]
Gold:   297        SH:  0    Dex: 17    Spells: 4/16 levels left

rFire    . . .     SeeInvis .   a - +1 dagger
rCold    . . .     Gourm    .   (no shield)
rNeg     . . .     Faith    .   b - +0 robe
rPois    .         Spirit   .   (no helmet)
rElec    .         Reflect  .   (no cloak)
rCorr    .         Harm     .   (no gloves)
MR       .....     NoTele   +   (no boots)
Stlth    ++++......             (no amulet)
HPRegen  0.19/turn              (no ring)
MPRegen  0.16/turn              (no ring)

@: no status effects
A: high mp 1
a: Temporal Distortion


You were in the Dungeon.
You worshipped Demigod.
Demigod was aware of your devotion.
You were not hungry.

You visited 1 branch You collected 297 gold pieces.

Inventory:

Hand Weapons
 a - a +1 dagger (weapon)
 j - a +0 dagger of venom
 l - a +0 hunting sling
Missiles
 m - 139 sling bullets
Armour
 b - a +0 robe (worn)
Wands
 c - a wand of polymorph (5)
Scrolls
 d - a scroll of fog
 k - a scroll of blinking
Potions
 e - a potion of curing
 h - a potion of haste
 i - 2 potions of magic
Comestibles
 f - a ration {!d}
 n - 5 chunks of flesh


   Skills:
 + Level 6.1 Fighting
 - Level 0.8 Short Blades
 + Level 5.6 Dodging
 + Level 6.6 Stealth
 + Level 5.9 Spellcasting
 + Level 6.8 Hexes


You had 4 spell levels left.
You knew the following spells:

 Your Spells              Type           Power        Failure   Level  Hunger
a - Corona                Hex            #####..      1%          1    None
b - Ensorcelled Hibernat  Hex/Ice        ###...       3%          2    None
c - Confuse               Hex            #####...     1%          3    #......
d - Tukima's Dance        Hex            #####...     1%          3    #......
e - Dazzling Spray        Conj/Hex       ###...       6%          3    #......

Your spell library contained the following spells:

 Spells                   Type           Power        Failure   Level  Hunger


Dungeon Overview and Level Annotations

Branches:
Dungeon (1/1)

Shops:
D =


Innate Abilities, Weirdness & Mutations

You have an increased reservoir of magic. (+10% MP)


Message History

Aiming: Ensorcelled Hibernation (safe; 3% risk of failure)
Press: ? - help, Shift-Dir - straight line, f/p - slime creature
Aim: a slime creature (heavily wounded, chance to defeat MR: 34%)
The slime creature easily resists.
The slime creature misses you.
There is a fountain of clear blue water here.
The slime creature completely misses you.
The slime creature hits you!
* * * LOW HITPOINT WARNING * * *
There is an open door here.
You see here a +0 chain mail.
There is an open door here.
There is an open door here.
Casting: Ensorcelled Hibernation (safe; 3% risk of failure)
Confirm with . or Enter, or press ? or * to list all spells.
Aiming: Ensorcelled Hibernation (safe; 3% risk of failure)
Press: ? - help, Shift-Dir - straight line, f/p - slime creature
Aim: a slime creature (moderately wounded, chance to defeat MR: 34%)
The slime creature easily resists.
The slime creature hits you!
You die...
Your divinity fades.

###################
#<.#.['..#.)'..#__#
#..'..#.J@..#..'..+
#..#####'#####'#__#
#..####..#...#(####
#..#__####..##)#
#..#_____##'#_.+
#⌠⌠#_.∩..÷'..._#
####_..__##_.#+#
#_____###+# #######


You could see a slime creature.

Vanquished Creatures
  Sigmund (D)
  A yak (D)
  An ogre (D)
  A jelly (D)
  Ijyb (D)
5 creatures vanquished.

Notes
Turn   | Place    | Note
-------+----------+-------------------------------------------
     0 | D        | esc the Demigod Enchanter began the quest for the Orb.
     0 | D        | Reached XP level 1. HP: 14/14 MP: 5/5
     1 | D        | Noticed Ijyb
    34 | D        | Killed Ijyb
    34 | D        | Reached XP level 2. HP: 22/25 MP: 5/8
   196 | D        | Learned a level 2 spell: Ensorcelled Hibernation
   214 | D        | Noticed an ogre
   220 | D        | Killed an ogre
   220 | D        | Reached skill level 5 in Hexes
   220 | D        | Reached XP level 3. HP: 28/33 MP: 4/11
   220 | D        | Reached XP level 4. HP: 34/40 MP: 4/13
   292 | D        | Learned a level 3 spell: Confuse
   296 | D        | Learned a level 3 spell: Tukima's Dance
   296 | D        | Noticed Sigmund
   304 | D        | Killed Sigmund
   304 | D        | Reached * piety under Demigod
   304 | D        | Reached skill level 5 in Fighting
   304 | D        | Reached skill level 5 in Stealth
   304 | D        | Reached skill level 5 in Spellcasting
   304 | D        | Reached XP level 5. HP: 47/48 MP: 9/16
   304 | D        | Reached XP level 6. HP: 55/56 MP: 9/17
   351 | D        | Learned a level 3 spell: Dazzling Spray
   364 | D        | Found an ornate altar of the Wu Jian Council.
   364 | D        | Found a shimmering blue altar of Sif Muna.
   366 | D        | Found a radiant altar of Vehumet.
   388 | D        | Found Posown's Jewellery Emporium.
   388 | D        | Found an ancient bone altar of Kikubaaqudgha.
   388 | D        | Found a hazy altar of Hepliaklqana.
   388 | D        | Found a stormy altar of Qazlal.
   388 | D        | Found a hide-covered altar of Uskayaw.
   388 | D        | Found a blossoming altar of Fedhas.
   388 | D        | Found a bloodstained altar of Trog.
   388 | D        | Found an iron altar of Okawaru.
   388 | D        | Found a basalt altar of Yredelemnul.
   388 | D        | Found a glowing golden altar of the Shining One.
   388 | D        | Found a snail-covered altar of Cheibriados.
   388 | D        | Found a sacrificial altar of Ru.
   388 | D        | Found a glowing silver altar of Zin.
   388 | D        | Found a shadowy altar of Dithmenos.
   388 | D        | Found a white marble altar of Elyvilon.
   388 | D        | Noticed a yak
   389 | D        | Found an opulent altar of Gozag.
   395 | D        | Killed a yak
   395 | D        | Reached skill level 5 in Dodging
   396 | D        | Found a sparkling altar of Nemelex Xobeh.
   451 | D        | Found a viscous altar of Jiyva.
   451 | D        | Found a corrupted altar of Lugonu.
   451 | D        | Noticed a slime creature
   452 | D        | Found a burning altar of Makhleb.
   452 | D        | Found a shimmering altar of Xom.
   507 | D        | Mangled by a slime creature

Skill      XL: |  1  2  3  4  5  6 |
---------------+-------------------+-----
Fighting       | 2 4 5 6 |  6.1
Spellcasting   | 3 4 5 |  5.9
Hexes          | 4 5 6 |  6.8
Dodging        | 3 4 5 |  5.6
Stealth        | 4 5 6 |  6.6
Short Blades   | |  0.8

Action                   |  1- 3 |  4- 6 || total
-------------------------+-------+-------++-------
Melee: Unarmed           |    16 |       ||    16
       Dagger            |    13 |    19 ||    32
 Cast: Ensorcelled Hiber |     2 |    15 ||    17
       Confuse           |       |     3 ||     3
  Use: Potion            |     1 |     1 ||     2
 Stab: Sleeping          |     3 |     6 ||     9
       Confused          |       |     2 ||     2
Armor: Skin              |     5 |       ||     5
       Robe              |     1 |       ||     1
Dodge: Dodged            |     8 |    15 ||    23
